 Dungeon Crawl Stone Soup version 0.26-a0-1164-g1a551d6a14 (webtiles) character file.

Game seed: 11661241884286188461

77 voltaire321 the Sneak (level 4, -9/24 HPs)
             Began as a Kobold Enchanter on Dec 24, 2020.
             Was an Initiate of Dithmenos.
             Killed by divine providence
             ... invoked by an orc priest
              (15 damage)
             ... on level 3 of the Dungeon.
             The game lasted 00:05:59 (2437 turns).

voltaire321 the Sneak (Kobold Enchanter)            Turns: 2437, Time: 00:06:00

Health: -9/24      AC:  2    Str:  6    XL:     4   Next: 60%
Magic:  6/8        EV: 16    Int: 16    God:    Dithmenos [......]
Gold:   61         SH:  0    Dex: 15    Spells: 5/8 levels left

rFire    . . .     SeeInvis .   a - +1 dagger
rCold    . . .     Faith    .   (shield restricted)
rNeg     . . .     Spirit   .   b - +0 robe
rPois    .         Reflect  .   (no helmet)
rElec    .         Harm     .   (no cloak)
rCorr    .         Rampage  .   (no gloves)
Will     .....                  (no boots)
Stlth    ++++......             (no amulet)
HPRegen  0.08/turn              (no ring)
MPRegen  0.11/turn              (no ring)

@: no status effects
A: small, nightstalker 3
a: Renounce Religion


You were on level 3 of the Dungeon.
You worshipped Dithmenos.
Dithmenos was noncommittal.
You visited 1 branch of the dungeon, and saw 3 of its levels.

You collected 61 gold pieces.

Inventory:

Hand Weapons
 a - a +1 dagger (weapon)
Armour
 b - a +0 robe (worn)
Scrolls
 c - 3 scrolls of teleportation
 d - 2 scrolls of enchant armour {unknown}
 e - 4 scrolls of remove curse
 f - 2 scrolls of identify {unknown}
 g - a scroll of blinking {unknown}
 l - 3 scrolls of enchant weapon {unknown}
Potions
 h - 2 potions of curing {unknown}
 i - a potion of mutation {unknown}
 j - a potion of lignification {unknown}
 k - a potion of might {unknown}
 m - a potion of brilliance {unknown}
 n - a potion of flight {unknown}
 o - a potion of attraction {unknown}


   Skills:
 + Level 2.4 Short Blades
 + Level 3.1 Dodging
 * Level 5.1 Stealth
 + Level 2.6 Spellcasting
 + Level 3.3 Hexes
 + Level 0.6 Ice Magic


You had 5 spell levels left.
You knew the following spells:

 Your Spells              Type           Power        Failure   Level
a - Corona                Hex            13%          4%          1
b - Ensorcelled Hibernat  Hex/Ice        16%          13%         2

Your spell library contained the following spells:

 Spells                   Type           Power        Failure   Level
 Confusing Touch          Hex            12%          16%         3
 Tukima's Dance           Hex            12%          16%         3
 Dazzling Flash           Conj/Hex       14%          30%         3


Dungeon Overview and Level Annotations

Branches:
Dungeon (3/15)

Altars:
Dithmenos
Okawaru
Zin
The Shining One


Innate Abilities, Weirdness & Mutations

You are small and have problems with some larger weapons.
You are completely attuned to the shadows.


Message History

Pain shoots through your body!
Ouch! That really hurt!
You barely miss the orc priest. The orc priest barely misses you.
Casting: Corona (safe; 4% risk of failure)
Confirm with . or Enter, or press ? or * to list all spells.
Aiming: Ensorcelled Hibernation (safe; 13% risk of failure)
Press: ? - help, Shift-Dir - straight line, f - orc priest
Aim: an orc priest, wielding a +0 mace and wearing a +0 ring mail (chance to affect: 39%)
The orc priest resists with some effort.
The orc priest hits you with a +0 mace.
* * * LOW HITPOINT WARNING * * *
Casting: Ensorcelled Hibernation (safe; 13% risk of failure)
Confirm with . or Enter, or press ? or * to list all spells.
Okay, then.
You closely miss the orc priest.
You hit the orc priest but do no damage.
The orc priest mumbles some strange prayers to Beogh against you.
Beogh smites you!
Ouch! That really hurt!
You die...

........##
..........
........#
...o....#
##......
....@.<.#
#.......
..#...#.#
###.......
#.#.....
.........)
........##
##.......
##.......
..........
..........
.......<..
....#.....
...######


You could see an orc priest.

Vanquished Creatures
  3 adders (D:2)
  An ooze (D:2)
  A worm (D:2)
  2 dart slugs (D:1)
  A leopard gecko (D:2)
  8 bats
  4 giant cockroaches
  4 goblins
  3 hobgoblins
  4 frilled lizards
  7 kobolds
  4 rats
42 creatures vanquished.

Notes
Turn   | Place    | Note
-------+----------+-------------------------------------------
     0 | D:1      | voltaire321 the Kobold Enchanter began the quest for the
                  | Orb.
     0 | D:1      | Reached XP level 1. HP: 10/10 MP: 3/3
   396 | D:1      | Reached XP level 2. HP: 15/15 MP: 5/5
   752 | D:1      | Reached XP level 3. HP: 9/19 MP: 3/6
  1092 | D:1      | Learned a level 2 spell: Ensorcelled Hibernation
  1145 | D:2      | Found a glowing golden altar of the Shining One.
  1682 | D:2      | Reached XP level 4. HP: 24/24 MP: 5/7
  1747 | D:2      | Reached skill level 5 in Stealth
  1802 | D:2      | Found an iron altar of Okawaru.
  2120 | D:2      | Found a shadowy altar of Dithmenos.
  2124 | D:2      | Found a glowing silver altar of Zin.
  2133 | D:2      | Became a worshipper of Dithmenos the Shadowed
  2437 | D:3      | Killed from afar by an orc priest

Illustrated notes

Levels and vault maps discovered:
D:1:      dpeg_arrival_simpleton_a, layout_rooms, st_stairs_12,
          minmay_pentomino_u4
D:2:      layout_loops_corners, okawaru_ov_weapons_minmay,
          gammafunk_temple_overflow_statue, nicolae_tso_swordbearing_angel
D:3:      layout_rooms, minivault_26

Skill      XL: |  1  2  3  4 |
---------------+-------------+-----
Short Blades   | 2 |  2.4
Dodging        | 3 |  3.1
Stealth        | 5 |  5.1
Spellcasting   | |  2.6
Hexes          | |  3.3
Ice Magic      | |  0.6

Action                   |  1- 3 |  4- 6 || total
-------------------------+-------+-------++-------
Melee: Dagger            |    92 |    23 ||   115
 Cast: Corona            |    19 |     5 ||    24
       Ensorcelled Hiber |       |     1 ||     1
  Use: Scroll            |       |     2 ||     2
 Stab: Sleeping          |    16 |     5 ||    21
Armor: Robe              |    17 |       ||    17
Dodge: Dodged            |    71 |    20 ||    91

Table legend: (Time is in decaauts)
 A = Elapsed time spent in this place.
 B = Non-inter-level travel time spent in this place.
 C = Inter-level travel time spent in this place.
 D = Time resting spent in this place.
 E = Time spent auto-exploring this place.
 F = Levels seen in this place.
 G = Mean time per level.
                   A        B        C        D        E       F      G
               +--------+--------+--------+--------+--------+-----+--------+
         Total |   2426 |   2426 |      0 |    721 |   1146 |   3 |  808.7 |
       Dungeon |   2426 |   2426 |      0 |    721 |   1146 |   3 |  808.7 |
               +--------+--------+--------+--------+--------+-----+--------+

Top non-repeatable levels by time:
     D:2: 1292 daAuts
     D:1: 1111 daAuts
     D:3: 22 daAuts
